 Dungeon Crawl Stone Soup version 0.28.0 (webtiles) character file.

Game seed: 17375362919314161568

24996 browni3141 the Blocker (level 12, -3/126 HPs)
             Began as a Troll Berserker on Feb 10, 2022.
             Was a High Priest of Trog.
             Slain by a death yak (7 damage)
             ... on level 5 of the Lair of Beasts.
             The game lasted 00:11:58 (12645 turns).

browni3141 the Blocker (Troll Berserker)           Turns: 12645, Time: 00:11:58

Health: -3/126     AC: 11    Str: 30    XL:     12   Next: 85%
Magic:  11/11      EV:  8    Int:  1    God:    Trog [*****.]
Gold:   803        SH: 31    Dex:  9    Spells: 11/11 levels left

rFire   . . .      SeeInvis .     - Unarmed
rCold   . . .      Faith    .   f - +10 tower shield of Ignorance {rN+ Int-4}
rNeg    + . .      Spirit   .   F - +0 troll leather armour
rPois   +          Reflect  +   (helmet restricted)
rElec   .          Harm     .   g - +0 cloak
rCorr   .          Rampage  .   (gloves unavailable)
Will    .....                   (boots unavailable)
Stlth   +.........              C - amulet of reflection
HPRegen 1.91/turn               u - ring of poison resistance
MPRegen 0.12/turn               z - +4 ring of protection

@: brilliant, on berserk cooldown, hasted and slowed
A: large, unfitting armour, claws 3, regeneration 1, shaggy fur 1, tough skin 1
a: Renounce Religion, Berserk, Trog's Hand, Brothers in Arms


You were on level 5 of the Lair of Beasts.
You worshipped Trog.
Trog was extremely pleased with you.
You visited 3 branches of the dungeon, and saw 15 of its levels.
You also visited: Sewer.

You collected 803 gold pieces.

Inventory:

Missiles
 t - 5 throwing nets (quivered)
Armour
 a - a +0 animal skin
 f - the +10 tower shield of Ignorance (worn) {rN+ Int-4}
   (You found it on level 2 of the Dungeon)

   Int:       It affects your intelligence (-4).
   rN:        It protects you from negative energy.
 g - a +0 cloak (worn)
 F - a +0 troll leather armour (worn)
Jewellery
 n - an amulet of the acrobat
 u - a ring of poison resistance (left claw)
 y - a +4 ring of evasion
 z - a +4 ring of protection (right claw)
 C - an amulet of reflection (around neck)
 M - a ring of willpower
Wands
 D - a wand of polymorph (6)
 E - a wand of paralysis (4)
 H - a wand of iceblast (3)
 O - a wand of mindburst (10)
Scrolls
 b - 3 scrolls of amnesia {unknown}
 h - 4 scrolls of blinking {unknown}
 k - 6 scrolls of teleportation
 l - 16 scrolls of identify {unknown}
 s - 2 scrolls of silence {unknown}
 v - 2 scrolls of fear {unknown}
 w - a scroll of holy word {unknown}
 x - 2 scrolls of summoning {unknown}
 A - 2 scrolls of vulnerability {unknown}
 G - a scroll of enchant armour {unknown}
 I - a scroll of magic mapping {unknown}
 J - a scroll of enchant weapon {unknown}
 L - a scroll of fog {unknown}
 N - a scroll of immolation {unknown}
Potions
 c - 5 potions of heal wounds {unknown}
 d - 3 potions of mutation
 e - 3 potions of cancellation {unknown}
 i - 2 potions of lignification {unknown}
 j - 2 potions of haste
 m - 7 potions of flight
 o - 2 potions of invisibility {unknown}
 p - 3 potions of brilliance
 q - 4 potions of might
 r - 4 potions of curing {unknown}
 B - a potion of resistance {unknown}
 K - a potion of magic {unknown}


   Skills:
 * Level 9.9 Fighting
 - Level 2.4 Dodging
 * Level 12.8 Shields
 * Level 11.7 Unarmed Combat


You had 11 spell levels left.
You didn't know any spells.
Your spell library was empty.

Dungeon Overview and Level Annotations

Branches:
Dungeon (9/15)             Temple (0/1) D:6            Lair (5/6) D:9
  Swamp (1/4) Lair:2       Spider (0/4) Lair:3          Orc (0/2) D:9
  Sewer (visited)
  Slime: Lair:5-6

Altars:
Xom

Shops:
D:5 :   D:9 [


Innate Abilities, Weirdness & Mutations

You are too large for most types of armour.
You have claws for hands.
Your natural rate of healing is unusually fast.
You are covered in fur. (AC +1)
You have tough skin. (AC +1)


Message History

The death yak is moderately wounded.
The death yak gores the plant.
The death yak gores you!! You block the death yak's attack.
The death yak gores the plant!!
You mangle the death yak!!
The death yak is severely wounded.
You block the death yak's attack. x2; The death yak gores the plant!!
You block the death yak's attack. The death yak gores you!!
You mangle the plant!!
The plant is heavily damaged.
A nearby plant withers and dies.
You block the death yak's attack. The death yak gores you.
The death yak gores you!
Unknown command.
You completely miss the death yak.
The death yak is severely wounded.
You block the death yak's attack. The death yak gores you.
* * * LOW HITPOINT WARNING * * *
Unknown command.
Unknown command.
As you read the scroll labelled POTAEKHOEX, it crumbles to dust.
You feel strangely unstable.
It was a scroll of teleportation.
You block the death yak's attack. The death yak gores you!
* * * LOW HITPOINT WARNING * * *
The death yak gores you!
* * * LOW HITPOINT WARNING * * *
You block the death yak's attack.
Unknown command.
Unknown command.
It was a potion of haste.
You feel yourself speed up. You block the death yak's attack.
The death yak gores you!
* * * LOW HITPOINT WARNING * * *
You block the death yak's attack.
The death yak gores you but does no damage.
The death yak gores you.
* * * LOW HITPOINT WARNING * * *
Unknown command.
It was a potion of brilliance.
You feel clever all of a sudden.
Your surroundings seem slightly different.
You block the death yak's attack. x2; The death yak gores you!
You die...

.##......# ..##
#......## #...#.
...###..P####
##...... ...
##P.##.####.....P
..
#..............#
. ###....#.....##
#
#.###..#....###P#
### ###..........
##Y@.......
#YYY.......
##.Y#......
#....#P####
.##.####...####
..YYY......#
#..........#
...###.....# .
#P......


You could see 5 death yaks.

Vanquished Creatures
  Rupert (Lair:4)
  Harold (D:9)
  2 bog bodies (Lair:2)
  4 elephants (Lair:2)
  9 cane toads
  4 komodo dragons
  A troll (D:9)
  Grinder (D:3)
  8 blink frogs
  3 culicivoras (Lair:3)
  2 jumping spiders (Lair:3)
  Sigmund (D:2)
  A wyvern (D:8)
  33 yaks
  A basilisk (Lair:4)
  2 steam dragons
  A redback (Lair:3)
  Grum (D:8)
  12 water moccasins
  An ice beast (D:8)
  2 sky beasts
  4 black bears
  A necrophage (D:6)
  2 ogres
  9 wolves
  A centaur (D:8)
  A phantom (D:2)
  A kobold brigand (D:9)
  A water moccasin zombie (D:7)
  9 bullfrogs
  2 gnoll sergeants (D:5)
  A scorpion (D:7)
  A water moccasin skeleton (D:6)
  7 killer bees (D:9)
  2 electric eels (D:9)
  5 howler monkeys (D:8)
  A bullfrog zombie (D:5)
  5 centaur zombies
  8 hounds
  Crazy Yiuf (D:2)
  A bullfrog skeleton (D:6)
  4 orc priests
  A jelly (D:7)
  A centaur skeleton (D:7)
  Jessica (D:2)
  2 iguanas
  5 orc wizards
  6 hell rats (Lair:1)
  A hound skeleton (D:3)
  Robin (D:3)
  15 gnolls
  8 adders
  6 river rats (Sewer)
  5 worms
  21 orcs
  14 ball pythons
  11 bats
  10 endoplasms
  14 giant cockroaches
  12 goblins
  8 hobgoblins
  10 jackals
  6 quokkas
  2 frilled lizards
  12 kobolds
  8 rats
338 creatures vanquished.

Vanquished Creatures (collateral kills)
  2 hydras (Lair:2)
  Sonja (Lair:2)
  A cane toad (Lair:2)
  3 yaks (D:9)
  An orc warrior (D:9)
  A centaur (D:9)
  4 killer bees (D:9)
  5 orcs (D:9)
18 creatures vanquished.

Vanquished Creatures (others)
  7 fungi
  5 plants
12 creatures vanquished.

Grand Total: 368 creatures vanquished

Notes
Turn   | Place    | Note
-------+----------+-------------------------------------------
     0 | D:1      | browni3141 the Troll Berserker began the quest for the Orb.
     0 | D:1      | Reached XP level 1. HP: 22/22 MP: 0/0
   246 | D:1      | Reached XP level 2. HP: 29/29 MP: 1/1
   997 | D:2      | Reached XP level 3. HP: 34/37 MP: 2/2
  1017 | D:2      | Found a shimmering altar of Xom.
  1074 | D:2      | Noticed a phantom
  1086 | D:2      | Killed a phantom
  1087 | D:2      | Reached XP level 4. HP: 32/46 MP: 3/3
  1157 | D:2      | Found the +10 tower shield of Ignorance {rN+ Int-4}
  1312 | D:2      | Noticed Jessica
  1316 | D:2      | Killed Jessica
  1317 | D:2      | Reached skill level 1 in Shields
  1317 | D:2      | Reached XP level 5. HP: 54/54 MP: 4/4
  1362 | D:2      | Reached ** piety under Trog
  1514 | D:2      | Noticed Sigmund
  1535 | D:2      | Killed Sigmund
  1536 | D:2      | Reached skill level 3 in Shields
  1536 | D:2      | Reached XP level 6. HP: 62/62 MP: 5/5
  1662 | D:2      | Found a runed translucent door.
  1663 | D:2      | Noticed Crazy Yiuf
  1864 | D:2      | Killed Crazy Yiuf
  2206 | D:3      | Noticed Grinder
  2213 | D:3      | Paralysed by Grinder for 3 turns
  2218 | D:3      | Killed Grinder
  2219 | D:3      | Reached skill level 4 in Shields
  2219 | D:3      | Reached XP level 7. HP: 68/68 MP: 6/6
  2335 | D:3      | Noticed Robin
  2346 | D:3      | Killed Robin
  2479 | D:3      | Reached skill level 5 in Shields
  4243 | D:5      | Entered Level 5 of the Dungeon
  4252 | D:5      | Reached skill level 6 in Shields
  4271 | D:5      | Found Dasyodic's Book Emporium.
  4357 | D:5      | Reached *** piety under Trog
  4384 | D:5      | Reached XP level 8. HP: 78/78 MP: 7/7
  4574 | D:5      | Reached skill level 7 in Shields
  4662 | D:6      | Identified the +4 ring mail of the Gardener {rF+ rC+ rN++
                  | Will-}
  4683 | D:6      | Found a glowing drain.
  4698 | Sewer    | Entered a sewer
  4894 | Sewer    | Reached skill level 8 in Shields
  4963 | Sewer    | Reached **** piety under Trog
  5595 | D:6      | Found a staircase to the Ecumenical Temple.
  5678 | D:6      | Reached skill level 9 in Shields
  5678 | D:6      | Reached XP level 9. HP: 35/84 MP: 8/8
  6298 | D:7      | Reached skill level 5 in Unarmed Combat
  7144 | D:8      | Reached skill level 5 in Fighting
  7151 | D:8      | Noticed Grum
  7174 | D:8      | Killed Grum
  7223 | D:8      | Reached skill level 10 in Shields
  7223 | D:8      | Reached XP level 10. HP: 96/96 MP: 9/9
  7508 | D:8      | Reached ***** piety under Trog
  8078 | D:9      | Found a staircase to the Lair.
  8232 | D:9      | Found Leukk's Armour Boutique.
  8232 | D:9      | Noticed Harold
  8233 | D:9      | Found a staircase to the Orcish Mines.
  8254 | D:9      | Killed Harold
  8597 | D:9      | Reached XP level 11. HP: 95/109 MP: 10/10
  8739 | Lair:1   | Entered Level 1 of the Lair of Beasts
  8759 | D:9      | Reached skill level 11 in Shields
  9453 | Lair:1   | Reached skill level 10 in Unarmed Combat
  9983 | Lair:2   | Noticed a seven-headed hydra
  9995 | Lair:2   | Killed an eight-headed hydra
  9995 | Lair:2   | Noticed an eight-headed hydra
 10004 | Lair:2   | Killed a nine-headed hydra
 10005 | Lair:2   | Reached XP level 12. HP: 40/122 MP: 11/11
 10008 | Lair:2   | Noticed Sonja
 10011 | Lair:2   | Killed Sonja
 10123 | Lair:2   | Reached skill level 12 in Shields
 10324 | Lair:2   | Found a staircase to the Swamp.
 10817 | Swamp:1  | Entered Level 1 of the Swamp
 10868 | Lair:3   | Found a hole to the Spider Nest.
 11697 | Lair:4   | Noticed Rupert
 11719 | Lair:4   | Killed Rupert
 12616 | Lair:5   | Noticed a death yak
 12616 | Lair:5   | Noticed a death yak
 12616 | Lair:5   | Noticed a death yak
 12616 | Lair:5   | Noticed a death yak
 12617 | Lair:5   | Noticed a death yak
 12644 | Lair:5   | HP: 6/126 [death yak (12)]
 12644 | Lair:5   | HP: 2/126 [death yak (4)]
 12645 | Lair:5   | Slain by a death yak

Illustrated notes

Levels and vault maps discovered:
D:1:      psy_arrival_conway, layout_basic
D:2:      kennysheep_big_flooded_room, layout_basic, basic_altar, uniq_sigmund,
          uniq_jessica, uniq_crazy_yiuf_cottage
D:3:      layout_basic, minmay_misc_feat_nine_boxes,
          amcnicky_mini_rare_corridor_liquid, minmay_misc_feat_five,
          kennysheep_generic_room_13, uniq_robin, uniq_grinder
D:4:      layout_loops_corners, minmay_circle_x
D:5:      layout_cave_pools, serial_gnoll_camp, gnoll_camp_mini_basic,
          gnoll_camp_huts_moat, gnoll_camp_mini_shop, gnoll_camp_mini_loothouse,
          gnoll_camp_mini_sergeant, chequers_ossuary_entry_cave, kennysheep_dice
D:6:      layout_basic, minmay_temple_entry_junction,
          cheibrodos_sewer_entry_drain
D:7:      layout_cave_pods, minmay_misc_feat_ornament
D:8:      layout_loops_ring, uniq_grum
D:9:      layout_basic, erik_lair_island, orc_david_3, uniq_harold
Lair:1:   layout_regular_city, beast_lair_carwin_7, grunt_megastairs_2
Lair:2:   layout_cellular_growth, skrybe_swamp_entry_bodies, uniq_sonja
Lair:3:   layout_hall_layers, nicolae_spider_entry_tight_spaces
Lair:4:   layout_loops_ring, uniq_rupert
Lair:5:   layout_layer_cave
Swamp:1:  layout_falls_marsh, evilmike_swamp_ruin_rubble_2,
          infiniplex_staircase_pool

Skill      XL: |  1  2  3  4  5  6  7  8  9 10 11 12 |
---------------+-------------------------------------+-----
Fighting       | 3 5 7 8 9 |  9.9
Unarmed Combat | 4 6 8 10 11 | 11.7
Shields        | 1 3 4 6 9 10 11 12 | 12.8
Dodging        | |  2.4

Action                   |  1- 3 |  4- 6 |  7- 9 | 10-12 || total
-------------------------+-------+-------+-------+-------++-------
Melee: Unarmed           |    88 |    37 |   498 |   613 ||  1236
       Punch             |     1 |       |     8 |       ||     9
Throw: Throwing net      |       |       |       |     1 ||     1
Invok: Berserk           |     1 |     3 |    11 |    14 ||    29
       Brothers in Arms  |       |       |       |     5 ||     5
       Trog's Hand       |       |       |       |     1 ||     1
Evoke: Wand              |       |       |       |     7 ||     7
  Use: Potion            |       |       |       |     3 ||     3
       Scroll            |       |       |       |     1 ||     1
 Stab: Sleeping          |       |       |     1 |       ||     1
Armor: Animal skin       |    34 |     8 |   142 |    32 ||   216
       Troll leather arm |       |       |       |   111 ||   111
Dodge: Dodged            |    40 |    18 |   301 |   161 ||   520
Block: Tower shield      |       |       |   169 |   933 ||  1102
